 Dungeon Crawl Stone Soup version 0.26-a0-259-g1effd001a9 (webtiles) character file.

Game seed: 17021271620186752445

129607 Klosterheim the Bludgeoner (level 16, -1/195 HPs)
             Began as a Demonspawn Wanderer on July 28, 2020.
             Was the Champion of Nemelex Xobeh.
             Slain by a wolf spider (9 damage)
             ... on level 2 of the Spider Nest.
             The game lasted 01:44:36 (36104 turns).

Klosterheim the Bludgeoner (Demonspawn Wanderer)   Turns: 36104, Time: 01:44:37

Health: -1/195     AC: 25    Str: 14    XL:     16   Next: 51%
Magic:  0/27       EV: 15    Int: 18    God:    Nemelex Xobeh [******]
Gold:   1341       SH:  0    Dex: 14    Spells: 19/23 levels left

rFire    + + .     SeeInvis .   b - +7 great mace (flame)
rCold    + + .     Faith    .   (shield currently unavailable)
rNeg     + + .     Spirit   +   I - +3 chain mail "Olaosehue" {Regen+}
rPois    +         Reflect  .   z - -2 hat of the Alchemist {rElec rPois rF+ rC+ rN+ MR+ rMut rCorr}
rElec    +         Harm     .   K - +1 cloak {rF+}
rCorr    +                      E - +0 pair of gloves
rMut     +                      R - +2 pair of boots
MR       ++...                  n - amulet of regeneration
Stlth    ..........             e - +4 ring of protection
HPRegen  1.22/turn              N - +4 ring of evasion
MPRegen  0.40/turn

@: berserking (expiring), lethally poisoned (-1 -> -24), very quick
A: horns 2, rugged brown scales 2, cold resistance 1, negative energy resistance
1, magic shield, magic regeneration
a: Draw Escape, Draw Destruction, Draw Summoning, Triple Draw, Deal Four, Stack
Five, Renounce Religion


You were on level 2 of the Spider Nest.
You worshipped Nemelex Xobeh.
Nemelex Xobeh was exalted by your worship.
You were not hungry.

You visited 6 branches of the dungeon, and saw 28 of its levels.
You also visited: Ice Cave and Volcano.

You collected 2448 gold pieces.
You spent 1107 gold pieces at shops.

Inventory:

Hand Weapons
 b - a +7 great mace of flaming (weapon)
Missiles
 c - 236 bolts
Armour
 z - the -2 hat of the Alchemist (worn) {rElec rPois rF+ rC+ rN+ MR+ rMut rCorr}
   (You bought it in a shop on level 2 of the Orcish Mines)

   It protects you from fire.
   It protects you from cold.
   It insulates you from electricity.
   It protects you from poison.
   It protects you from negative energy.
   It affects your resistance to hostile enchantments.
   It provides partial protection from all sources of acid and corrosion.
   It protects you from mutation.
 E - a +0 pair of gloves (worn)
 I - the +3 chain mail "Olaosehue" (worn) {Regen+}
   (You bought it in a shop on level 2 of the Orcish Mines)

   It increases your rate of regeneration.
 K - a +1 cloak of fire resistance (worn)
 R - a +2 pair of boots (worn)
Jewellery
 e - a +4 ring of protection (left hand)
 n - an amulet of regeneration (around neck)
 C - an uncursed ring of flight
 N - a +4 ring of evasion (right hand)
Wands
 g - a wand of paralysis (19)
 k - a wand of disintegration (28)
 w - a wand of iceblast (47)
 x - a wand of acid (4)
 y - a wand of polymorph (12)
 F - a wand of clouds (8)
 J - a wand of flame (33)
 P - a wand of digging (12)
Scrolls
 a - 8 scrolls of amnesia
 l - 4 scrolls of magic mapping
 m - 3 scrolls of enchant armour
 o - a scroll of blinking
 p - 8 scrolls of remove curse
 v - 11 scrolls of identify
 A - a scroll of fog
 B - 3 scrolls of teleportation
Potions
 d - a potion of brilliance
 h - 3 potions of cancellation
 i - 2 potions of heal wounds
 j - 6 potions of stabbing
 q - a potion of haste
 r - 4 potions of lignification
 s - 3 potions of mutation
 t - a potion of ambrosia {unknown}
 u - 9 potions of curing
 D - 2 potions of flight
 L - a potion of resistance
 U - a potion of might
Comestibles
 f - 26 rations


   Skills:
 + Level 10.7 Fighting
 + Level 15.5 Maces & Flails
 - Level 1.0 Throwing
 + Level 9.7 Armour
 + Level 9.7 Dodging
 - Level 4.0 Spellcasting
 + Level 4.8 Charms
 - Level 6.0 Transmutations
   Level 4.0 Ice Magic
 - Level 5.0 Air Magic
 - Level 6.0 Earth Magic
 + Level 14.7 Invocations
 - Level 1.0 Evocations


You had 19 spell levels left.
You knew the following spells:

 Your Spells              Type           Power        Failure   Level
a - Passwall              Tmut/Erth      ####....     26%         2
b - Swiftness             Chrm/Air       ###.....     38%         2

Your spell library contained the following spells:

 Spells                   Type           Power        Failure   Level
 Sandblast                Erth           ####..       19%         1
 Freeze                   Ice            ###.         38%         1
 Shock                    Conj/Air       ##..         58%         1
 Ozocubu's Armour         Chrm/Ice       ###.....     71%         3
 Frozen Ramparts          Ice            ###...       77%         3
 Petrify                  Tmut/Erth      ####....     87%         4
 Stone Arrow              Conj/Erth      ##....       88%         3
 Static Discharge         Conj/Air       ##......     92%         3
 Ignite Poison            Fire/Tmut/Pois ##......     95%         3
 Airstrike                Air            ###.......   95%         4
 Sublimation of Blood     Necr           #.........   97%         2
 Confusing Touch          Hex            #.......     99%         3
 Gell's Gravitas          Tloc           #.........   99%         3
 Recall                   Summ/Tloc      N/A          99%         3
 Lee's Rapid Deconstruct  Erth           ####......   99%         5
 Animate Dead             Necr           #.........   100%        4
 Hailstorm                Conj/Ice       ##......     100%        4
 Summon Ice Beast         Ice/Summ       ##......     100%        4
 Alistair's Intoxication  Tmut/Pois      ##......     100%        5
 Aura of Abjuration       Summ           #.........   100%        5
 Borgnjor's Vile Clutch   Necr/Erth      ##........   100%        5
 Irradiate                Conj/Tmut      ##........   100%        5
 Lightning Bolt           Conj/Air       ##........   100%        5
 Metabolic Englaciation   Hex/Ice        ##........   100%        5
 Summon Demon             Summ           #.........   100%        5
 Summon Forest            Summ/Tloc      #.........   100%        5
 Summon Mana Viper        Hex/Summ       #.......     100%        5
 Yara's Violent Unravell  Hex/Tmut       ##........   100%        5
 Death Channel            Necr           #.........   100%        6
 Eringya's Noxious Bog    Tmut/Pois      ##........   100%        6
 Shadow Creatures         Summ           N/A          100%        6
 Simulacrum               Ice/Necr       ##........   100%        6


Dungeon Overview and Level Annotations

Branches:
Dungeon (15/15)            Temple (0/1) D:6            Lair (6/6) D:10
 Shoals (0/4) Lair:2       Spider (3/4) Lair:4        Slime (0/5) Lair:6
    Orc (2/2) D:9             Elf (1/3) Orc:2        Vaults (0/5) D:14
 Depths (1/5) D:15          IceCv (visited)         Volcano (visited)

Altars:
Dithmenos
Elyvilon
Fedhas
Gozag
Kikubaaqudgha
Makhleb
Nemelex Xobeh
Okawaru
Qazlal
Ru
Trog
Uskayaw
Wu Jian
Xom
Yredelemnul
Beogh

Shops:
D:14 ?   Orc:2 [*(=   Depths:1 !

Annotations:
Spider:2 Arachne


Innate Abilities, Weirdness & Mutations

You have a pair of horns on your head.
You are mostly covered in rugged brown scales. (AC +2, +5% HP)
Your flesh is cold resistant. (rC+)
You resist negative energy. (rN+)
When hurt, damage is shared between your health and your magic reserves.
You regenerate magic rapidly.


Message History

You are too berserk!
You bludgeon Arachne!! You burn Arachne! You headbutt Arachne!
Arachne is heavily wounded.
* * * LOW HITPOINT WARNING * * *
You feel very sick. The killer bee completely misses you.
Your killer bee misses the killer bee.
Your killer bee stings the wolf spider.
The wolf spider looks as sick as possible!
Your killer bee poisons the wolf spider!
Your killer bee closely misses the wolf spider.
Your killer bee stings the wolf spider.
The wolf spider dies!
Your killer bee closely misses the wolf spider.
Your killer bee closely misses the killer bee.
The killer bee misses you.
Your centaur closely misses the redback.
The redback bites you but does no damage.
The killer bee barely misses you. x2; The wolf spider hits you!
You die...
Your body glows slightly and disappears.

#.......^..............#..#......
##..#..#..#..^#......#....#......
##..........#....#.......#.....#
#...............#.##.....#......
#^.....#....^#.......#..........
##...##...##...#..#.^#...^##....
#..#..#...##.y..y.#....##.......
##....#^.##..cyyy#.....#....#.#.
#..####.##.(ys@yy.##.#..#..^#..
##..# ####..#Hsy...######......
##.# ####y§@...^# #...#.^ ###
##....### ##...#. ###.## #..#..
### #....) ##.... #..#. ##.##


You could see Arachne, a wolf spider (very poisoned), a redback, 3 killer bees,
a friendly centaur (summoned), 7 friendly killer bees and the friendly
Klosterheim's illusion (summoned, very poisoned).

Vanquished Creatures
  Rupert (Lair:4)
  Agnes (D:14)
  3 emperor scorpions
  An entropy weaver (Spider:2)
  A dire elephant (Lair:6)
  A fire dragon (D:15)
  Josephine (D:14)
  9 hydras
  3 centaur warriors
  A catoblepas (Lair:6)
  4 two-headed ogres
  7 death yaks
  A deep troll shaman (Lair:6)
  A queen ant (Lair:4)
  2 hell hogs (Lair:4)
  2 tengu warriors (D:14)
  3 orc high priests (Orc:2)
  3 unseen horrors
  4 skeletal warriors (D:12)
  A glowing orange brain (D:15)
  A swamp dragon (D:15)
  3 lindwurms
  A wolf spider zombie (D:14)
  A harpy (shapeshifter) (D:14)
  2 necromancers
  11 orb spiders
  10 wolf spiders
  6 ugly things
  An oklob plant (Lair:1)
  5 orc sorcerers
  4 deep elf magi
  3 manticores
  2 cyclopes
  12 elephants
  A black mamba (shapeshifter) (Orc:2)
  An ice statue (IceCv)
  3 black mambas
  6 molten gargoyles
  A naga mage (D:15)
  Maurice (D:8)
  2 torpor snails
  8 cane toads
  5 demonic crawlers
  12 freezing wraiths
  8 komodo dragons
  6 efreet
  2 tengu conjurers (D:14)
  4 trolls
  13 jumping spiders
  3 meliai (D:13)
  2 polar bears
  4 hornets
  Prince Ribbit (D:5)
  6 blink frogs
  15 slime creatures
  15 hippogriffs
  7 dream sheep
  26 yaks
  3 shadows
  13 tarantellas
  4 wraiths (D:14)
  35 redbacks
  3 water elementals (D:15)
  2 wyverns
  A vampire (D:12)
  5 fire elementals
  A human (Lair:3)
  3 basilisks
  Grum (D:8)
  2 vampire mosquitoes
  A death yak simulacrum (IceCv)
  An acid dragon (D:14)
  9 water moccasins
  2 hell hounds (Spider:1)
  10 porcupines
  A black bear (Lair:6)
  9 ice beasts
  An alligator simulacrum (IceCv)
  A hornet zombie (D:15)
  20 orc warriors
  5 sky beasts
  4 necrophages
  2 phantoms
  12 ogres
  12 wolves
  18 centaurs
  13 crocodiles
  A big kobold (D:11)
  Blork the orc (D:4)
  18 bullfrogs
  2 earth elementals (Volcano)
  2 wyvern zombies
  A water moccasin zombie (D:8)
  A wyvern skeleton (D:14)
  5 scorpions
  A hornet simulacrum (D:15)
  A water moccasin skeleton (D:10)
  7 killer bees
  21 wights
  6 howler monkeys
  An electric eel (Lair:1)
  A lava snake (Lair:6)
  2 quasits
  3 centaur zombies
  A draconian simulacrum (IceCv)
  6 jellies
  2 bullfrog skeletons
  A wyvern simulacrum (D:15)
  A bullfrog zombie (D:12)
  11 centaur skeletons
  28 orc priests
  10 hounds
  28 orc wizards
  An iguana (D:6)
  9 worker ants
  2 spriggan simulacra (IceCv)
  A polar bear simulacrum (IceCv)
  2 troll simulacra (IceCv)
  A wolf simulacrum (IceCv)
  3 centaur simulacra (IceCv)
  A hound skeleton (D:7)
  4 gnolls
  15 adders
  4 naga simulacra (IceCv)
  8 ogre simulacra (IceCv)
  A river rat (D:3)
  3 shadow imps
  26 white imps
  3 ufetubi
  An adder zombie (D:8)
  4 worms
  5 dart slugs
  4 leopard geckos
  58 orcs
  5 giant cockroaches
  2 gnoll zombies (D:8)
  14 hobgoblins
  2 jackals (D:2)
  12 kobolds
  A quokka (D:4)
  A ball python (D:3)
  8 bats
  6 frilled lizards
  10 goblins
  A quokka skeleton (D:5)
  9 rats
  A plant (Lair:1)
848 creatures vanquished.

Vanquished Creatures (collateral kills)
  2 entropy weavers
  2 hydras
  Harold (Orc:1)
  A centaur warrior (D:14)
  An ogre mage (D:14)
  2 skeletal warriors
  An orc knight (D:14)
  2 wolf spiders
  Joseph (D:7)
  A centaur skeleton (D:14)
  An efreet (Volcano)
  A tarantella (Spider:2)
  6 redbacks
  2 fire elementals
  2 orc warriors (Orc:1)
  An eye of draining (Lair:4)
  A bullfrog (D:14)
  An orc priest (Orc:1)
  4 orc wizards (Orc:1)
  A killer bee zombie (D:8)
  3 gnolls (D:3)
  5 orcs
42 creatures vanquished.

Vanquished Creatures (others)
  An unseen horror (D:14)
  3 fire vortices (Volcano)
  3 fungi (Lair:6)
  5 plants
12 creatures vanquished.

Grand Total: 902 creatures vanquished

Notes
Turn   | Place    | Note
-------+----------+-------------------------------------------
     0 | D:1      | Klosterheim the Demonspawn Wanderer began the quest for the
                  | Orb.
     0 | D:1      | Klosterheim set off with the following items: a +0 hand
                  | crossbow, a +2 scale mail, 28 bolts, 2 rations; and the
                  | following spell memorised: Freeze; and the following spells
                  | available to memorise: Ozocubu's Armour
     0 | D:1      | Reached XP level 1. HP: 13/13 MP: 1/1
   340 | D:1      | Gained mutation: When hurt, damage is shared between your
                  | health and your magic reserves. [demonic ancestry]
   340 | D:1      | Reached XP level 2. HP: 20/20 MP: 2/2
   493 | D:1      | Reached skill level 1 in Fighting
   703 | D:1      | Reached skill level 1 in Spellcasting
   837 | D:1      | Reached XP level 3. HP: 26/26 MP: 4/4
  1426 | D:2      | Found a bloodstained altar of Trog.
  2244 | D:3      | Reached XP level 4. HP: 19/33 MP: 6/6
  2381 | D:3      | Reached skill level 1 in Maces & Flails
  2627 | D:3      | Found a sparkling altar of Nemelex Xobeh.
  2627 | D:3      | Found an iron altar of Okawaru.
  2638 | D:3      | Became a worshipper of Nemelex Xobeh the Trickster
  2646 | D:3      | Received a gift from Nemelex Xobeh
  3106 | D:3      | Reached skill level 2 in Maces & Flails
  3106 | D:3      | Reached XP level 5. HP: 38/38 MP: 6/8
  3728 | D:3      | Reached skill level 3 in Maces & Flails
  3858 | D:4      | Noticed Blork the orc
  3862 | D:4      | Identified the -2 hand axe "Foduq" {drain, rC++ SInv}
  3882 | D:4      | Killed Blork the orc
  3882 | D:4      | Gained mutation: You regenerate magic rapidly. [demonic
                  | ancestry]
  3882 | D:4      | Reached XP level 6. HP: 11/45 MP: 3/9
  4180 | D:4      | Reached skill level 1 in Dodging
  5019 | D:4      | Reached * piety under Nemelex Xobeh
  5100 | D:5      | Entered Level 5 of the Dungeon
  5112 | D:4      | Reached skill level 4 in Maces & Flails
  5112 | D:4      | Reached XP level 7. HP: 32/52 MP: 6/10
  5249 | D:5      | Found an opulent altar of Gozag.
  5955 | D:5      | Reached skill level 5 in Maces & Flails
  5966 | D:5      | Found a blossoming altar of Fedhas.
  6171 | D:5      | Noticed Prince Ribbit
  6278 | D:5      | Found an ancient bone altar of Kikubaaqudgha.
  6278 | D:5      | Received a gift from Nemelex Xobeh
  6302 | D:5      | Found an ornate altar of the Wu Jian Council.
  6423 | D:5      | Killed Prince Ribbit
  6423 | D:5      | Reached skill level 6 in Maces & Flails
  6423 | D:5      | Gained mutation: You are partially covered in rugged brown
                  | scales. (AC +1, +3% HP) [demonic ancestry]
  6423 | D:5      | Reached XP level 8. HP: 41/59 MP: 8/11
  6834 | D:6      | Found a staircase to the Ecumenical Temple.
  6930 | D:6      | Reached ** piety under Nemelex Xobeh
  6939 | D:6      | Reached skill level 7 in Maces & Flails
  7797 | D:6      | Reached skill level 8 in Maces & Flails
  8158 | D:6      | Found a shimmering altar of Xom.
  8166 | D:6      | Reached skill level 1 in Invocations
  8464 | D:7      | Received a gift from Nemelex Xobeh
  8501 | D:7      | Found a sacrificial altar of Ru.
  8827 | D:7      | Reached XP level 9. HP: 55/66 MP: 10/12
  8909 | D:7      | Reached *** piety under Nemelex Xobeh
  9010 | D:7      | Noticed Joseph
  9017 | D:7      | Killed Joseph
  9108 | D:7      | Found a stormy altar of Qazlal.
  9321 | D:8      | Found a burning altar of Makhleb.
  9321 | D:8      | Received a gift from Nemelex Xobeh
  9556 | D:8      | Noticed Grum
  9571 | D:8      | Reached skill level 5 in Armour
  9582 | D:8      | Killed Grum
 10012 | D:8      | Reached skill level 5 in Fighting
 10280 | D:8      | Noticed a seven-headed hydra
 10288 | D:8      | Killed a seven-headed hydra
 10556 | D:8      | Gained mutation: You have a pair of small horns on your
                  | head. [demonic ancestry]
 10556 | D:8      | Reached XP level 10. HP: 77/77 MP: 13/13
 10668 | D:8      | Found a shadowy altar of Dithmenos.
 10793 | D:8      | Received a gift from Nemelex Xobeh
 10957 | D:8      | Noticed Maurice
 10967 | D:8      | Paralysed by something for 5 turns
 11024 | D:8      | Found a basalt altar of Yredelemnul.
 11263 | D:8      | Found a shadowy altar of Dithmenos.
 11287 | D:8      | Found a burning altar of Makhleb.
 11491 | D:8      | Paralysed by something for 2 turns
 11758 | D:8      | Found a basalt altar of Yredelemnul.
 11792 | D:8      | Paralysed by Maurice for 3 turns
 11795 | D:8      | Killed Maurice
 11795 | D:8      | Reached skill level 5 in Dodging
 12242 | D:9      | Found a staircase to the Orcish Mines.
 12257 | D:9      | Got an encrusted flail
 12258 | D:9      | Identified the +7 flail "Raefoum" {freeze, Int+3 Stlth-}
                  | (You found it on level 9 of the Dungeon)
 12399 | D:9      | Received a gift from Nemelex Xobeh
 12618 | D:9      | Reached **** piety under Nemelex Xobeh
 12618 | D:9      | Noticed a centaur warrior
 12629 | D:9      | Killed a centaur warrior
 12629 | D:9      | Reached skill level 9 in Maces & Flails
 12629 | D:9      | Reached skill level 5 in Invocations
 12839 | D:9      | Found a white marble altar of Elyvilon.
 12925 | D:9      | Received a gift from Nemelex Xobeh
 13531 | D:10     | Entered Level 10 of the Dungeon
 13558 | Orc:1    | Entered Level 1 of the Orcish Mines
 13558 | Orc:1    | Noticed Harold
 13561 | Orc:1    | Noticed an orc sorcerer
 13565 | Orc:1    | Killed an orc sorcerer
 13567 | Orc:1    | Identified the +1 trident "Diozas" {flame, rElec}
 13570 | Orc:1    | Killed Harold
 13570 | Orc:1    | Reached skill level 10 in Maces & Flails
 13577 | Orc:1    | Reached XP level 11. HP: 49/86 MP: 3/16
 13962 | Orc:2    | Entered Level 2 of the Orcish Mines
 13963 | Orc:2    | Found a roughly hewn altar of Beogh.
 14033 | Orc:2    | Found a staircase to the Elven Halls.
 14410 | Orc:2    | Noticed an orc sorcerer
 14422 | Orc:2    | Killed an orc sorcerer
 14606 | Orc:2    | Noticed an orc high priest
 15030 | Orc:2    | Killed an orc high priest
 15030 | Orc:2    | Reached skill level 11 in Maces & Flails
 15099 | Orc:2    | Noticed an orc high priest
 15101 | Orc:2    | Noticed an orc high priest
 15121 | Orc:2    | Killed an orc high priest
 15125 | Orc:2    | Killed an orc high priest
 16163 | Orc:2    | Received a gift from Nemelex Xobeh
 16339 | Orc:2    | Noticed an orc high priest
 16341 | Orc:2    | Noticed a glowing shapeshifter
 16341 | Orc:2    | an orc high priest changed into a glowing shapeshifter
 16342 | Orc:2    | a glowing shapeshifter changed into a black mamba
 16351 | Orc:2    | Reached skill level 12 in Maces & Flails
 16585 | Orc:2    | Found Rimac's Armour Shop.
 16585 | Orc:2    | Found Bucew's Assorted Antiques.
 16586 | Orc:2    | Found Qeloip's Jewellery Boutique.
 16589 | Orc:2    | Found Plog's Weapon Boutique.
 16768 | Orc:2    | Bought the -2 hat of the Alchemist {rElec rPois rF+ rC+ rN+
                  | MR+ rMut rCorr} for 660 gold pieces
 16768 | Orc:2    | Found the -2 hat of the Alchemist {rElec rPois rF+ rC+ rN+
                  | MR+ rMut rCorr}
 16823 | Elf:1    | Entered Level 1 of the Elven Halls
 16831 | Orc:1    | Received a gift from Nemelex Xobeh
 16831 | Orc:1    | Noticed an orc sorcerer
 16916 | Orc:2    | Killed an orc sorcerer
 17426 | Elf:1    | Noticed a deep elf mage
 17447 | Elf:1    | Killed a deep elf mage
 17511 | D:10     | Reached ***** piety under Nemelex Xobeh
 17778 | D:10     | Received a gift from Nemelex Xobeh
 17800 | D:10     | Noticed a two-headed ogre
 17813 | D:10     | Killed a two-headed ogre
 17826 | D:10     | Killed an unseen horror
 18177 | D:10     | Found a staircase to the Lair.
 18189 | D:10     | Gained mutation: You are mostly covered in rugged brown
                  | scales. (AC +2, +5% HP) [demonic ancestry]
 18189 | D:10     | Reached XP level 12. HP: 77/95 MP: 14/17
 18221 | Lair:1   | Entered Level 1 of the Lair of Beasts
 19145 | Lair:2   | Received a gift from Nemelex Xobeh
 19340 | Lair:2   | Found a hide-covered altar of Uskayaw.
 19467 | Lair:2   | Noticed a six-headed hydra
 19470 | Lair:2   | Killed a six-headed hydra
 19506 | Lair:2   | Found a staircase to the Shoals.
 19671 | Lair:2   | Received a gift from Nemelex Xobeh
 20224 | Lair:3   | Received a gift from Nemelex Xobeh
 20330 | Lair:3   | Received a gift from Nemelex Xobeh
 20666 | Lair:3   | Received a gift from Nemelex Xobeh
 20808 | Lair:4   | Noticed a death yak
 20815 | Lair:4   | Noticed a queen ant
 20815 | Lair:4   | a death yak changed into a queen ant
 20819 | Lair:4   | Killed a queen ant
 20819 | Lair:4   | Noticed a death yak
 20964 | Lair:3   | Killed a death yak
 21179 | Lair:4   | Reached skill level 10 in Invocations
 21190 | Lair:4   | Gained mutation: You have a pair of horns on your head.
                  | [demonic ancestry]
 21190 | Lair:4   | Reached XP level 13. HP: 71/106 MP: 16/20
 21252 | Lair:4   | Learned a level 2 spell: Passwall
 21320 | Lair:4   | Reached skill level 1 in Earth Magic
 21430 | Lair:4   | Reached skill level 1 in Transmutations
 21481 | Lair:4   | Received a gift from Nemelex Xobeh
 21503 | Lair:4   | Found a hole to the Spider Nest.
 21874 | Orc:2    | Bought the +3 chain mail "Olaosehue" {Regen+} for 371 gold
                  | pieces
 22385 | Lair:4   | Noticed Rupert
 22386 | Lair:4   | Killed Rupert
 22386 | Lair:4   | Reached skill level 13 in Maces & Flails
 22511 | Lair:5   | Found a frozen archway.
 22549 | Lair:5   | Found a burning altar of Makhleb.
 22575 | Lair:5   | Received a gift from Nemelex Xobeh
 22585 | IceCv    | Entered an ice cave
 23018 | IceCv    | Identified the +1 trident of Beotayxe {vorpal, rElec rN+
                  | Str+3 Stlth+}
 23441 | IceCv    | Found an ancient bone altar of Kikubaaqudgha.
 23975 | Lair:5   | Received a gift from Nemelex Xobeh
 24245 | Lair:6   | Entered Level 6 of the Lair of Beasts
 24309 | Lair:6   | Found a staircase to the Slime Pits.
 24407 | Lair:6   | Found a dark tunnel.
 24416 | Volcano  | Entered a volcano
 24685 | Volcano  | Reached skill level 5 in Earth Magic
 24735 | Volcano  | Reached skill level 5 in Transmutations
 25098 | Lair:6   | Received a gift from Nemelex Xobeh
 25271 | Lair:6   | Reached XP level 14. HP: 88/113 MP: 18/23
 25732 | Lair:6   | Reached skill level 14 in Maces & Flails
 26301 | Lair:6   | Reached ****** piety under Nemelex Xobeh
 26301 | Lair:6   | Received a gift from Nemelex Xobeh
 27658 | D:12     | Identified the +0 quarterstaff "Spider's Bane" {vorpal,
                  | Str+2}
 27950 | D:12     | Received a gift from Nemelex Xobeh
 28591 | D:13     | Received a gift from Nemelex Xobeh
 28595 | D:13     | Gained mutation: Your flesh is cold resistant. (rC+)
                  | [demonic ancestry]
 28595 | D:13     | Reached XP level 15. HP: 115/118 MP: 25/25
 28655 | D:13     | Learned a level 2 spell: Swiftness
 29308 | D:13     | Received a gift from Nemelex Xobeh
 29415 | D:13     | Reached skill level 1 in Charms
 29879 | D:14     | Found Nekogg's Magic Scroll Boutique.
 30507 | D:14     | Received a gift from Nemelex Xobeh
 30524 | D:14     | Reached skill level 15 in Maces & Flails
 30580 | D:14     | Identified the ring "Laank" {*Drain rPois MR+ Slay+2}
 30719 | D:14     | Found a gate to the Vaults.
 30779 | D:14     | Found a sacrificial altar of Ru.
 30974 | D:14     | Noticed Agnes
 30983 | D:14     | Killed Agnes
 31340 | D:15     | Entered Level 15 of the Dungeon
 31747 | D:15     | Noticed Josephine
 31762 | D:14     | Killed Josephine
 31796 | D:15     | Received a gift from Nemelex Xobeh
 31937 | D:15     | Reached skill level 10 in Fighting
 32709 | D:15     | Found a staircase to the Depths.
 32856 | Depths:1 | Entered Level 1 of the Depths
 32856 | Depths:1 | Found Somp's Distillery.
 32862 | Depths:1 | Bought a potion of might for 76 gold pieces
 32901 | Depths:1 | Received a gift from Nemelex Xobeh
 33195 | Spider:1 | Entered Level 1 of the Spider Nest
 33195 | Spider:1 | Noticed Azrael
 33196 | Spider:1 | Noticed Azrael
 33196 | Spider:1 | Azrael changed into Azrael the hell hog
 33204 | Lair:4   | Killed Azrael the hell hog
 33777 | Spider:1 | Gained mutation: You resist negative energy. (rN+) [demonic
                  | ancestry]
 33777 | Spider:1 | Reached XP level 16. HP: 123/128 MP: 24/26
 34256 | Spider:1 | Received a gift from Nemelex Xobeh
 35381 | Spider:2 | Received a gift from Nemelex Xobeh
 35512 | Spider:2 | Reached skill level 5 in Air Magic
 35965 | Spider:3 | Noticed Arachne
 36104 | Spider:2 | HP: 8/195 [poisoned by Arachne (poison arrow)]
 36104 | Spider:2 | Slain by a wolf spider

Illustrated notes

Levels and vault maps discovered:
D:1:      dpeg_arrival_stonehenge_8_columns, layout_basic
D:2:      layout_rooms, bloody_trog, first_ration, minmay_tall_x
D:3:      layout_basic, gammafunk_temple_overflow_wave,
          cheibrodos_sewer_entry_drain
D:4:      layout_basic, lightli_corner_chamber, uniq_blork_the_orc
D:5:      layout_rooms, kennysheep_mini, old_standard_altar, marbit_many_paths,
          fedhas_altar_2, uniq_prince_ribbit1
D:6:      layout_loops_ring, xom_teletrap_fun, minmay_temple_entry_stoned_glass
D:7:      layout_cave_pools, nicolae_ru_sacrificial_ziggurat,
          nicolae_qazlal_eye_of_the_storm, grunt_ogre_cave, uniq_joseph
D:8:      layout_basic, lemuel_round_altar, lemuel_zombie_altar_yredelemnul,
          nicolae_dithmenos_the_darkroom, uniq_maurice, uniq_grum
D:9:      layout_irregular_city, elyvilon_altar_5, orc_0_dummy,
          hangedman_decor_lopped
D:10:     layout_basic, david_lair_shrubbed
D:11:     layout_loops_cross
D:12:     layout_gridville, serial_undead, serial_undead_b, serial_undead_e,
          serial_undead_c, serial_undead_d
D:13:     layout_stronghold, st_stairs_6
D:14:     layout_irregular_city, hangedman_vaults_entry_quadrant_bands,
          serial_shops, nicolae_shop_crystal, lemuel_round_altar, uniq_agnes
D:15:     grunt_enter_depths_magical_seal, layout_basic, minmay_misc_feat_doors,
          grunt_ministairs_2, serial_bayou_ford_a, uniq_josephine
Lair:1:   layout_roguey, serial_bayou, serial_bayou_shore_b,
          serial_bayou_pond_b, serial_bayou_pond_d, serial_bayou_pond_a,
          minmay_lair_oklob_chamber, grunt_megastairs_2
Lair:2:   layout_regular_city, shoals_dummy_entry, basic_altar, minivault_27
Lair:3:   layout_gridlike, minivault_23, nicolae_quartered_pool_medium
Lair:4:   layout_cave_pods, nicolae_spider_entry_orb_guardian,
          grunt_megastairs_1, serial_bayou_shore_b, infiniplex_staircase_pool_2,
          uniq_rupert
Lair:5:   layout_loops_ring, portal_ice_cave_entry_imps, basic_altar
Lair:6:   grunt_lair_end_beastmaster, layout_gridlike,
          minmay_slime_entry_pillars, nicolae_volcano_entry_vermiform
Spider:1: layout_spider_delve, nicolae_spider_webs_and_nodes, uniq_azrael
Spider:2: layout_spider_delve
Spider:3: layout_spider_delve, uniq_arachne
Orc:1:    layout_caves, uniq_harold
Orc:2:    st_orc_mages, layout_diamond_mine, mines1_david
Elf:1:    layout_onion_city, due_unseen_surprise
Depths:1: layout_cave_pools, minivault_11,
          nicolae_abyss_entry_one_way_or_another, serial_shops,
          nicolae_shop_trees, nicolae_shop_crystal, hell_entry,
          corexii_leaking_fountain, kennysheep_generic_room_6

Skill      XL: |  1  2  3  4  5  6  7  8  9 10 11 12 13 14 15 16 |
---------------+-------------------------------------------------+-----
Fighting       | 1 2 3 5 7 9 10 | 10.7
Armour         | 3 4 5 6 8 9 |  9.7
Spellcasting   | 1 2 3 4 |  4.0
Ice Magic      | 4 |  4.0
Maces & Flails | 2 3 4 6 8 10 12 13 14 15 | 15.5
Dodging        | 1 2 4 6 7 8 9 |  9.7
Invocations    | 1 4 7 10 12 13 14 | 14.7
Earth Magic    | 5 6 |  6.0
Transmutations | 5 6 |  6.0
Charms         | 3 4 |  4.8
Air Magic      | 4 5 |  5.0
Throwing       | |  1.0
Evocations     | |  1.0

Action                   |  1- 3 |  4- 6 |  7- 9 | 10-12 | 13-15 | 16-18 || total
-------------------------+-------+-------+-------+-------+-------+-------++-------
Melee: Mace              |    42 |   163 |       |       |       |       ||   205
       Unarmed           |     7 |       |       |       |       |       ||     7
       Flail             |       |    90 |   213 |   572 |    31 |       ||   906
       Dire flail        |       |       |   263 |    43 |       |       ||   306
       Headbutt          |       |       |       |   113 |   318 |    56 ||   487
       Great mace        |       |       |       |       |  1339 |   320 ||  1659
 Fire: Hand crossbow     |   103 |       |       |       |       |       ||   103
 Cast: Passwall          |       |       |       |       |     2 |       ||     2
Invok: Draw Destruction  |       |     5 |     4 |    30 |    40 |     1 ||    80
       Draw Summoning    |       |     2 |     2 |     1 |     8 |     1 ||    14
       Draw Escape       |       |     3 |       |     4 |     2 |       ||     9
       Deal Four         |       |       |       |     1 |     4 |     1 ||     6
       Stack Five        |       |       |       |     1 |       |       ||     1
       Draw Stack        |       |       |       |       |     5 |       ||     5
       Triple Draw       |       |       |       |       |     2 |     1 ||     3
Evoke: Wand              |       |       |     9 |    16 |     1 |       ||    26
       Box of beasts     |       |       |       |       |       |     1 ||     1
  Use: Scroll            |     7 |     1 |    10 |     1 |    21 |       ||    40
       Potion            |       |     4 |     2 |     2 |     2 |     2 ||    12
 Stab: Distracted        |       |       |       |       |       |     1 ||     1
  Eat: Ration            |     2 |     2 |     5 |     9 |    11 |     2 ||    31
Armor: Scale mail        |    60 |   142 |   245 |   215 |    14 |       ||   676
       Chain mail        |       |       |       |       |  1186 |   444 ||  1630
       Gold dragon scale |       |       |       |       |       |    68 ||    68
Dodge: Dodged            |    48 |   137 |   276 |   301 |  1323 |   532 ||  2617

Table legend:
 A = Non-vault XP
 B = Vault XP
 C = Vault XP percentage of total XP
 D = Non-vault monster count
 E = Vault monster count
 F = Vault count percentage of total count
                 A         B        C        D         E       F
            +---------+---------+-------+---------+---------+-------
      Total |  127293 |   57860 |  31.2 |     660 |     230 |  25.8
            +---------+---------+-------+---------+---------+-------
        D:1 |      50 |       0 |   0.0 |      29 |       0 |   0.0
        D:2 |      37 |       6 |  14.0 |      16 |       4 |  20.0
        D:3 |     132 |      73 |  35.6 |      28 |       2 |   6.7
        D:4 |     364 |      99 |  21.4 |      15 |       1 |   6.2
        D:5 |     667 |     313 |  31.9 |      21 |       2 |   8.7
        D:6 |     773 |       0 |   0.0 |      20 |       0 |   0.0
        D:7 |     362 |     409 |  53.0 |      11 |       2 |  15.4
        D:8 |    2116 |     861 |  28.9 |      29 |       6 |  17.1
        D:9 |    3244 |       0 |   0.0 |      22 |       0 |   0.0
       D:10 |    2576 |     350 |  12.0 |      24 |       1 |   4.0
       D:11 |    3109 |       0 |   0.0 |      30 |       0 |   0.0
       D:12 |   12618 |     723 |   5.4 |      44 |       9 |  17.0
       D:13 |    7941 |    1543 |  16.3 |      43 |       2 |   4.4
       D:14 |   11624 |    9206 |  44.2 |      43 |      25 |  36.8
       D:15 |    8861 |    5045 |  36.3 |      26 |      12 |  31.6
     Lair:1 |    2541 |    1667 |  39.6 |      14 |       8 |  36.4
     Lair:2 |    4602 |       0 |   0.0 |      14 |       0 |   0.0
     Lair:3 |    3438 |    1339 |  28.0 |      14 |       2 |  12.5
     Lair:4 |    8226 |    7085 |  46.3 |      27 |       9 |  25.0
     Lair:5 |    2960 |     122 |   4.0 |      12 |      12 |  50.0
     Lair:6 |   14038 |   11946 |  46.0 |      48 |      24 |  33.3
   Spider:1 |   15943 |     487 |   3.0 |      45 |       3 |   6.2
   Spider:2 |   17233 |       0 |   0.0 |      44 |       0 |   0.0
      Orc:1 |    1175 |     852 |  42.0 |      18 |       3 |  14.3
      Orc:2 |    2137 |    4876 |  69.5 |      22 |      34 |  60.7
      Elf:1 |     526 |       0 |   0.0 |       1 |       0 |   0.0
      IceCv |       0 |    6344 | 100.0 |       0 |      54 | 100.0
    Volcano |       0 |    4514 | 100.0 |       0 |      15 | 100.0
            +---------+---------+-------+---------+---------+-------
